MID
GREENSBORO GRASSHOPPERS @ WEST VIRGINIA POWER
06/13/2048
 
TOP OF THE 1ST
Greensboro Grasshoppers batting - Pitching for West Virginia Power : RHP Tony Ortiz
Pitching: RHP Tony Ortiz
Batting: RHB Harrie de Kam 0-0: Swinging Strike
0-1: Ball
1-1: Called Strike
1-2: Ball
2-2: Foul Ball, location: 2F
2-2: Ball
3-2: Ground out 3-1 (Groundball, 34S, EV 69.4 MPH)
Batting: RHB Rafael Irizarry 0-0: Ball
1-0: Fly out, F9 (Flyball, 9LM, EV 90.0 MPH)
Batting: RHB Nate Crofts 0-0: Foul Ball, location: 2F
0-1: Foul Ball, location: 2F
0-2: Strikes out swinging
Top of the 1st over - 0 runs, 0 hits, 0 errors, 0 left on base; Greensboro 0 - West Virginia 0
BOTTOM OF THE 1ST
West Virginia Power batting - Pitching for Greensboro Grasshoppers : LHP Melvin Castro
Pitching: LHP Melvin Castro
Batting: RHB Ken Manser 0-0: Ground out 6-3 (Groundball, 6S, EV 76.2 MPH)
Batting: RHB Terrence Wilson 0-0: Called Strike
0-1: Ball
1-1: Swinging Strike
1-2: Ball
2-2: Foul Ball, location: 2F
2-2: Ball
3-2: Strikes out looking
Batting: RHB Dave Fredericks 0-0: Ball
1-0: Called Strike
1-1: Ball
2-1: Ball
3-1: Base on Balls
Batting: RHB Jeff Edwards 0-0: Ball
1-0: Ball
2-0: Ball
3-0: Called Strike
3-1: Swinging Strike
3-2: DOUBLE (Line Drive, 78D, EV 105.0 MPH)
Dave Fredericks to third
Dave Fredericks scores
Batting: LHB Joe Wise 0-0: Swinging Strike
0-1: Called Strike
0-2: Strikes out looking
Bottom of the 1st over - 1 run, 1 hit, 0 errors, 1 left on base; Greensboro 0 - West Virginia 1
TOP OF THE 2ND
Greensboro Grasshoppers batting - Pitching for West Virginia Power : RHP Tony Ortiz
Batting: LHB Ryan Karg 0-0: Ground out 5-3 (Groundball, 5S, EV 88.8 MPH)
Batting: LHB Justin Blakely 0-0: DOUBLE (Line Drive, 5D, EV 99.4 MPH)
Batting: LHB Ryan Thompson 0-0: Ball
1-0: Swinging Strike
1-1: Swinging Strike
1-2: Ball
2-2: Ball
3-2: Fly out, F6 (Line Drive, 6, EV 70.6 MPH)
Batting: RHB Dennis Coppolino 0-0: Called Strike
0-1: Called Strike
0-2: Ground out 3-1 (Groundball, 34, EV 96.9 MPH)
Top of the 2nd over - 0 runs, 1 hit, 0 errors, 1 left on base; Greensboro 0 - West Virginia 1
BOTTOM OF THE 2ND
West Virginia Power batting - Pitching for Greensboro Grasshoppers : LHP Melvin Castro
Batting: LHB Josh Aerni 0-0: Fly out, F6 (Popup, 6, EV 72.5 MPH)
Batting: RHB Chris McCoy 0-0: Swinging Strike
0-1: Foul Ball, location: 2F
0-2: Ball
1-2: Ball
2-2: Foul Ball, location: 2F
2-2: Ground out U3 (Groundball, 3, EV 88.1 MPH)
Batting: RHB Rick Pittman 0-0: Ball
1-0: Ball
2-0: Swinging Strike
2-1: Ball
3-1: Foul Ball, location: 2F
3-2: Fly out, F7 (Flyball, 7LM, EV 86.9 MPH)
Bottom of the 2nd over - 0 runs, 0 hits, 0 errors, 0 left on base; Greensboro 0 - West Virginia 1
TOP OF THE 3RD
Greensboro Grasshoppers batting - Pitching for West Virginia Power : RHP Tony Ortiz
Batting: RHB J.D. Vander Klok 0-0: Foul Ball, location: 2F
0-1: SINGLE (Line Drive, 78M, EV 101.9 MPH)
Batting: RHB Nick Dunton 0-0: Called Strike
0-1: Foul Ball, location: 2F
0-2: Ball
1-2: Strikes out looking
Batting: RHB Harrie de Kam 0-0: Ball
1-0: Swinging Strike
1-1: Called Strike
1-2: Ball
2-2: Ball
3-2: Foul Ball, location: 2F
3-2: Foul Ball, location: 2F
3-2: Grounds into double play, 4-6-3 (Groundball, 4, EV 83.1 MPH)
Top of the 3rd over - 0 runs, 1 hit, 0 errors, 0 left on base; Greensboro 0 - West Virginia 1
BOTTOM OF THE 3RD
West Virginia Power batting - Pitching for Greensboro Grasshoppers : LHP Melvin Castro
Batting: LHB Brandon Sarni 0-0: Ball
1-0: Ball
2-0: Foul Ball, location: 2F
2-1: Ball
3-1: Base on Balls
Batting: RHB Ken Manser 0-0: Called Strike
0-1: SINGLE (Line Drive, 6D, EV 96.9 MPH)
Brandon Sarni to second
Batting: RHB Terrence Wilson 0-0: Ball
1-0: Called Strike
1-1: Ball
2-1: Foul Ball, location: 2F
2-2: Foul Ball, location: 2F
2-2: Foul Ball, location: 2F
2-2: Fly out, F8 (Flyball, 78M, EV 90.0 MPH)
Batting: RHB Dave Fredericks 0-0: Ball
1-0: Called Strike
1-1: Ball
2-1: Fly out, F7 (Flyball, 7D, EV 76.2 MPH)
Batting: RHB Jeff Edwards 0-0: Ball
1-0: Called Strike
1-1: Ground out 2-3 (Groundball, 2L, EV 63.8 MPH)
Bottom of the 3rd over - 0 runs, 1 hit, 0 errors, 2 left on base; Greensboro 0 - West Virginia 1
TOP OF THE 4TH
Greensboro Grasshoppers batting - Pitching for West Virginia Power : RHP Tony Ortiz
Batting: RHB Rafael Irizarry 0-0: Ground out 6-3 (Groundball, 6, EV 97.5 MPH)
Batting: RHB Nate Crofts 0-0: Ball
1-0: Fly out, F8 (Flyball, 8RXD, EV 81.9 MPH)
Batting: LHB Ryan Karg 0-0: Ball
1-0: Foul Ball, location: 2F
1-1: Hit by Pitch
Batting: LHB Justin Blakely 0-0: Called Strike
0-1: Ball
1-1: Swinging Strike
1-2: Ball
2-2: SINGLE (Line Drive, 78S, EV 87.5 MPH)
Ryan Karg to second
Runner from 2nd tries for 3rd, SAFE, throw by CF made to third
Batting: LHB Ryan Thompson 0-0: Ball
1-0: Fly out, F8 (Flyball, 78M, EV 92.5 MPH)
Top of the 4th over - 0 runs, 1 hit, 0 errors, 2 left on base; Greensboro 0 - West Virginia 1
BOTTOM OF THE 4TH
West Virginia Power batting - Pitching for Greensboro Grasshoppers : LHP Melvin Castro
Batting: LHB Joe Wise 0-0: Called Strike
0-1: Called Strike
0-2: Ball
1-2: Ball
2-2: Ball
3-2: Strikes out swinging
Batting: LHB Josh Aerni 0-0: Foul Ball, location: 2F
0-1: Ball
1-1: Foul Ball, location: 2F
1-2: Foul Ball, location: 2F
1-2: Foul Ball, location: 2F
1-2: Ground out 6-3 (Groundball, 6, EV 79.4 MPH)
Batting: RHB Chris McCoy 0-0: Ball
1-0: Ground out U3 (Groundball, 3, EV 81.2 MPH)
Bottom of the 4th over - 0 runs, 0 hits, 0 errors, 0 left on base; Greensboro 0 - West Virginia 1
TOP OF THE 5TH
Greensboro Grasshoppers batting - Pitching for West Virginia Power : RHP Tony Ortiz
Batting: RHB Dennis Coppolino 0-0: Called Strike
0-1: Called Strike
0-2: Ball
1-2: Foul Ball, location: 2F
1-2: SINGLE (Groundball, 6MD, EV 106.9 MPH)
Batting: RHB J.D. Vander Klok 0-0: Foul Ball, location: 2F
0-1: Ball
1-1: Fly out, F7 (Flyball, 7LSF, EV 80.6 MPH)
Batting: RHB Nick Dunton 0-0: Swinging Strike
0-1: Ball
1-1: Ball
2-1: Foul Ball, location: 2F
2-2: Foul Ball, location: 2F
2-2: Strikes out swinging
Batting: RHB Harrie de Kam 0-0: Foul Ball, location: 2F
0-1: Ball
1-1: Called Strike
1-2: Ball
2-2: Fly out, F7 (Flyball, 78D, EV 100.6 MPH)
Top of the 5th over - 0 runs, 1 hit, 0 errors, 1 left on base; Greensboro 0 - West Virginia 1
BOTTOM OF THE 5TH
West Virginia Power batting - Pitching for Greensboro Grasshoppers : LHP Melvin Castro
Batting: RHB Rick Pittman 0-0: Ball
1-0: Swinging Strike
1-1: Ball
2-1: Ball
3-1: Ground out 5-3 (Groundball, 5S, EV 93.1 MPH)
Batting: LHB Brandon Sarni 0-0: Ball
1-0: Foul Ball, location: 2F
1-1: Ball
2-1: Foul Ball, location: 2F
2-2: Foul Ball, location: 2F
2-2: Ball
3-2: SINGLE (Groundball, 56S, EV 70.6 MPH) (infield hit)
Batting: RHB Ken Manser 0-0: Ball
1-0: Called Strike
1-1: Foul Ball, location: 2F
1-2: DOUBLE (Flyball, 8RXD, EV 96.9 MPH)
Brandon Sarni to third
Batting: RHB Terrence Wilson 0-0: Ball
1-0: Called Strike
1-1: Foul Ball, location: 2F
1-2: Ball
2-2: Ball
3-2: Foul Ball, location: 2F
3-2: Fly out, F9 (Flyball, 89M, EV 86.2 MPH)
Batting: RHB Dave Fredericks 0-0: Fly out, F8 (Flyball, 78S, EV 78.8 MPH)
Bottom of the 5th over - 0 runs, 2 hits, 0 errors, 2 left on base; Greensboro 0 - West Virginia 1
TOP OF THE 6TH
Greensboro Grasshoppers batting - Pitching for West Virginia Power : RHP Tony Ortiz
Batting: RHB Rafael Irizarry 0-0: Foul Ball, location: 2F
0-1: Fly out, F8 (Flyball, 8RM, EV 86.9 MPH)
Batting: RHB Nate Crofts 0-0: Called Strike
0-1: Foul Ball, location: 2F
0-2: Ball
1-2: Ball
2-2: Ground out 5-3 (Groundball, 56, EV 80.6 MPH)
Batting: LHB Ryan Karg 0-0: Called Strike
0-1: Ball
1-1: SOLO HOME RUN (Line Drive, 8RXD, EV 105.0 MPH), Distance : 423 ft
Batting: LHB Justin Blakely 0-0: Foul Ball, location: 2F
0-1: Ball
1-1: Foul Ball, location: 2F
1-2: Ball
2-2: Foul Ball, location: 2F
2-2: Strikes out swinging
Top of the 6th over - 1 run, 1 hit, 0 errors, 0 left on base; Greensboro 1 - West Virginia 1
BOTTOM OF THE 6TH
West Virginia Power batting - Pitching for Greensboro Grasshoppers : LHP Melvin Castro
Pitching: RHP Bill Padgett
Batting: RHB Jeff Edwards 0-0: Ball
1-0: Ground out 5-3 (Groundball, 56, EV 88.8 MPH)
Batting: LHB Joe Wise 0-0: Ball
1-0: Ball
2-0: Called Strike
2-1: Swinging Strike
2-2: Ball
3-2: Strikes out swinging
Batting: LHB Josh Aerni 0-0: Ball
1-0: Ball
2-0: Ball
3-0: Base on Balls
Batting: RHB Chris McCoy 0-0: Ball
Josh Aerni is caught stealing 2nd base 2-4
Bottom of the 6th over - 0 runs, 0 hits, 0 errors, 0 left on base; Greensboro 1 - West Virginia 1
TOP OF THE 7TH
Greensboro Grasshoppers batting - Pitching for West Virginia Power : RHP Tony Ortiz
Batting: LHB Ryan Thompson 0-0: Ball
1-0: Fly out, F7 (Line Drive, 7S, EV 97.5 MPH)
Batting: RHB Dennis Coppolino 0-0: Foul Ball, location: 2F
0-1: Ball
1-1: Foul Ball, location: 2F
1-2: Strikes out swinging
Batting: RHB J.D. Vander Klok 0-0: Swinging Strike
0-1: Ball
1-1: Ground out 6-3 (Groundball, 6, EV 76.9 MPH)
Top of the 7th over - 0 runs, 0 hits, 0 errors, 0 left on base; Greensboro 1 - West Virginia 1
BOTTOM OF THE 7TH
West Virginia Power batting - Pitching for Greensboro Grasshoppers : RHP Bill Padgett
Pitching: RHP Joe Lynn
Batting: RHB Chris McCoy 0-0: Called Strike
0-1: Ball
1-1: Ball
2-1: Swinging Strike
2-2: Strikes out swinging
Batting: RHB Rick Pittman 0-0: Called Strike
0-1: Ball
1-1: Called Strike
1-2: Strikes out swinging
Batting: LHB Brandon Sarni 0-0: Ball
1-0: Ball
2-0: Ball
3-0: Base on Balls
Batting: RHB Ken Manser 0-0: Fly out, F9 (Line Drive, 89XD, EV 99.4 MPH)
Bottom of the 7th over - 0 runs, 0 hits, 0 errors, 1 left on base; Greensboro 1 - West Virginia 1
TOP OF THE 8TH
Greensboro Grasshoppers batting - Pitching for West Virginia Power : RHP Tony Ortiz
Pitching: RHP Joe Simanton
Batting: RHB Nick Dunton 0-0: Called Strike
0-1: Foul Ball, location: 2F
0-2: Strikes out swinging, 2-3 out at first.
Batting: RHB Harrie de Kam 0-0: Ball
1-0: Foul Ball, location: 2F
1-1: Foul Ball, location: 2F
1-2: Ball
2-2: Strikes out swinging
Batting: RHB Rafael Irizarry 0-0: Called Strike
0-1: Ball
1-1: Called Strike
1-2: Ball
2-2: Strikes out swinging
Top of the 8th over - 0 runs, 0 hits, 0 errors, 0 left on base; Greensboro 1 - West Virginia 1
BOTTOM OF THE 8TH
West Virginia Power batting - Pitching for Greensboro Grasshoppers : RHP Joe Lynn
Pitching: RHP Adam Brown
Pinch Hitting: LHB Donald Imre 0-0: Ball
1-0: Ball
2-0: Swinging Strike
2-1: Foul Ball, location: 2F
2-2: Ball
3-2: Base on Balls
Batting: RHB Dave Fredericks 0-0: Called Strike
0-1: Called Strike
0-2: Strikes out looking
Batting: RHB Jeff Edwards 0-0: Ball
1-0: Foul Ball, location: 2F
1-1: Swinging Strike
1-2: Ball
2-2: Grounds into double play, 5-4-3 (Groundball, 5, EV 90.0 MPH)
Bottom of the 8th over - 0 runs, 0 hits, 0 errors, 0 left on base; Greensboro 1 - West Virginia 1
TOP OF THE 9TH
Greensboro Grasshoppers batting - Pitching for West Virginia Power : RHP Joe Simanton
Now in CF: Tom Tate
Batting: RHB Nate Crofts 0-0: Ball
1-0: Ground out 5-3 (Groundball, 56S, EV 73.8 MPH)
Batting: LHB Ryan Karg 0-0: Ball
1-0: Foul Ball, location: 2F
1-1: Ball
2-1: Fly out, F9 (Flyball, 89D, EV 103.1 MPH)
Batting: LHB Justin Blakely 0-0: Called Strike
0-1: Ball
1-1: Ball
2-1: SINGLE (Groundball, 34D, EV 102.5 MPH)
Batting: LHB Ryan Thompson 0-0: Called Strike
0-1: Ball
1-1: Ball
2-1: Foul Ball, location: 2F
2-2: Foul Ball, location: 2F
2-2: Ground out U3 (Groundball, 3L, EV 84.4 MPH)
Top of the 9th over - 0 runs, 1 hit, 0 errors, 1 left on base; Greensboro 1 - West Virginia 1
BOTTOM OF THE 9TH
West Virginia Power batting - Pitching for Greensboro Grasshoppers : RHP Adam Brown
Batting: LHB Joe Wise 0-0: Called Strike
0-1: Foul Ball, location: 2F
0-2: Ball
1-2: Foul Ball, location: 2F
1-2: Ball
2-2: SOLO HOME RUN (Flyball, 9LD, EV 88.8 MPH), Distance : 330 ft
Bottom of the 9th over - 1 run, 1 hit, 0 errors, 0 left on base; Greensboro 1 - West Virginia 2
Tuesday, March 28th , 2023 - OOTP Baseball 23.10 Build 110